Map: Terrasses de Prion

Players

Kinder - Winner!

  • Race: Terran Terran
  • League: Master

Doug

  • Race: Protoss Protoss
  • League: Master

VOD

Have the link to the VOD?

Description

Time

  • Played on: Feb. 14, 2016, 4:35 p.m.
  • Length: 14:18
Show
View Real Time Build Order
Export as new Build Order

Kinder Terran - Winner!

Build Orders: MMM Bio 

Get SALT Encoding   

  12  0:01  SCV  
  13  0:13  SCV  
  14  0:18  Supply Depot  
  14  0:26  SCV  
  15  0:34  Refinery  
  15  0:39  SCV  
  16  0:45  Barracks  
  16  0:51  SCV  
  17  1:04  SCV  
  18  1:09  Refinery  
  18  1:16  SCV  
  19  1:28  SCV  
  19  1:30  Barracks  
  20  1:34  Reaper  
  21  1:40  Supply Depot  
  21  1:43  Supply Depot  
  21  1:48  SCV  
  22  2:03  Ghost Academy  
  22  2:08  SCV  
  23  2:13  Marine  
  24  2:20  SCV  
  25  2:28  Barracks Tech Lab  
  25  2:34  Personal Cloaking  
  25  2:41  Marine  
  26  2:51  Ghost  
  28  2:59  Marine  
  29  3:10  Orbital Command  
  29  3:16  Supply Depot  
  29  3:25  Ghost  
  31  3:37  Marine  
  31  3:40  Factory  
  32  3:45  SCV  
  33  3:55  Marine  
  34  3:59  Ghost  
  36  4:22  SCV  
  37  4:24  Factory Tech Lab  
  37  4:28  Ghost  
  35  4:58  Reaper  
  36  5:02  Cyclone, Mag-Field Accelerator  
  39  5:33  Command Center  
  39  5:49  Ghost  
  37  5:54  Cyclone  
  39  6:00  Barracks  
  39  6:02  Barracks  
  39  6:03  Engineering Bay  
  39  6:04  Barracks Tech Lab  
  39  6:07  Supply Depot  
  39  6:21  SCV  
  39  6:27  Cyclone  
  42  6:42  Marauder, Stimpack  
  44  6:56  SCV  
  44  6:58  Barracks Reactor  
  43  7:03  Marine  
  43  7:04  Barracks Reactor  
  43  7:06  Missile Turret  
  43  7:08  Terran Infantry Weapons Level 1  
  44  7:21  Marine  
  41  7:37  Orbital Command, SCV  
  41  7:39  Marine  
  43  7:44  Missile Turret  
  43  7:46  Marine  
  43  7:47  Marine  
  43  7:49  SCV  
  46  7:55  Marine  
  46  7:57  Marine  
  48  8:01  SCV  
  48  8:04  SCV  
  50  8:08  Supply Depot, Marine  
  50  8:10  Factory Reactor  
  50  8:11  Marine  
  52  8:13  SCV  
  52  8:14  Marine  
  52  8:16  SCV  
  55  8:23  Marine x2  
  55  8:25  SCV  
  58  8:28  SCV  
  59  8:35  Marine x2  
  59  8:36  Marauder  
  59  8:41  Barracks  
  63  8:44  Bunker  
  63  8:49  Marine x2  
  63  8:53  Supply Depot, Marine, Armory  
  63  8:54  Engineering Bay  
  66  8:56  Marine  
  66  8:59  Marauder  
  69  9:06  Marine  
  67  9:13  Widow Mine x2, Marine, SCV x2  
  75  9:20  Marauder  
  75  9:22  Marine  
  75  9:23  Combat Shields  
  78  9:26  Refinery  
  78  9:27  Refinery  
  77  9:33  Starport  
  77  9:35  Marine x2  
  79  9:38  Terran Infantry Armor Level 1  
  79  9:42  Marauder  
  79  9:43  Supply Depot  
  81  9:52  SCV  
  82  9:55  Supply Depot, Marine  
  83  10:01  Barracks Tech Lab  
  83  10:03  Marauder  
  83  10:05  Marine  
  83  10:06  Marine x2  
  88  10:18  Marine  
  88  10:20  Medivac x2  
  93  10:23  Marine x2  
  93  10:24  Marauder  
  97  10:36  Marine x2, Marauder  
  101  10:44  Marine  
  102  10:50  Medivac  
  102  10:52  Marauder  
  102  10:53  Medivac  
  102  10:56  Command Center  
  95  10:58  Marine x2  
  95  10:59  Marine, Marauder  
  95  11:01  Marine  
  84  11:10  SCV x2  
  81  11:13  Marine  
  81  11:16  Marine x3  
  85  11:19  Marine  
  85  11:20  Marauder  
  85  11:22  SCV  
  85  11:23  Medivac  
  85  11:25  Bunker  
  91  11:31  Marauder  
  95  11:34  Marine x3  
  95  11:36  SCV x2  
  95  11:37  Missile Turret, Marine  
  101  11:43  Marauder  
  101  11:45  Factory Reactor  
  101  11:48  SCV  
  102  11:57  Supply Depot  
  102  12:02  Supply Depot  
  102  12:07  Marine x4, SCV x2  
  102  12:08  Marauder  
  110  12:10  Marauder  
  108  12:25  Marine  
  108  12:27  Orbital Command  
  109  12:31  Marauder  
  109  12:40  Marine  
  109  12:41  Marine, Marauder  
  111  12:49  SCV  
  112  12:52  Marine x2  
  112  12:53  Marauder  
  112  12:54  Medivac  
  112  12:55  Widow Mine  
  120  12:58  Marine  
  120  13:08  Concussive Shells  
  120  13:09  Medivac  
  122  13:15  Marine x2, Marauder  
  125  13:25  Marine x2, Marauder  
  116  13:33  Marine x2  
  111  13:36  Marine  
  107  13:43  Marine x2  
  107  13:47  Marauder  
  104  13:51  Marine x2  
  104  13:55  Marauder  
  104  13:56  Bunker  
Show
View Real Time Build Order
Export as new Build Order

Doug Protoss 

Build Orders: 1 Gate Expand, Phoenix Opening 

Get SALT Encoding   

  12  0:01  Probe (Chrono Boost)  
  13  0:11  Probe (Chrono Boost)  
  14  0:17  Pylon  
  14  0:22  Probe (Chrono Boost)  
  16  0:35  Probe (Chrono Boost)  
  16  0:36  Gateway  
  16  0:45  Assimilator  
  16  0:47  Probe (Chrono Boost)  
  17  0:57  Probe (Chrono Boost)  
  18  1:08  Probe (Chrono Boost)  
  19  1:23  Nexus  
  20  1:36  Cybernetics Core  
  20  1:37  Probe (Chrono Boost)  
  20  1:43  Assimilator  
  20  1:47  Probe (Chrono Boost)  
  21  1:58  Probe (Chrono Boost)  
  22  2:09  Probe (Chrono Boost)  
  22  2:13  Warp Gate  
  23  2:17  Pylon  
  23  2:23  Stargate  
  24  2:37  Mothership Core (Chrono Boost)  
  24  2:38  Probe (Chrono Boost)  
  25  2:45  Gateway  
  25  2:48  Gateway  
  25  2:51  Stalker  
  27  3:08  Phoenix (Chrono Boost)  
  27  3:10  Pylon  
  29  3:13  Probe  
  29  3:17  Probe  
  31  3:39  Phoenix (Chrono Boost), Probe  
  31  3:41  Probe  
  35  3:47  Stalker  
  37  3:50  Probe  
  37  3:53  Probe  
  39  3:57  Pylon  
  41  4:09  Oracle (Chrono Boost)  
  39  4:19  Sentry  
  39  4:20  Probe  
  39  4:22  Probe  
  42  4:25  Pylon  
  42  4:29  Stalker  
  42  4:31  Probe  
  44  4:34  Probe  
  45  4:41  Probe  
  42  4:46  Probe  
  42  4:52  Probe  
  42  4:53  Robotics Facility  
  42  4:58  Probe  
  42  5:02  Probe  
  41  5:10  Probe  
  36  5:24  Stalker  
  35  5:35  Probe  
  30  5:37  Probe  
  29  5:49  Probe  
  27  5:52  Probe  
  26  6:02  Probe  
  26  6:03  Probe  
  28  6:13  Probe  
  28  6:14  Probe  
  29  6:24  Probe  
  28  6:26  Probe  
  28  6:32  Observer (Chrono Boost)  
  31  6:34  Probe  
  31  6:38  Probe  
  32  6:45  Probe  
  29  6:56  Probe x2  
  31  7:06  Probe  
  31  7:08  Probe  
  33  7:17  Probe  
  33  7:20  Probe  
  35  7:27  Probe  
  36  7:42  Stalker  
  36  7:43  Stalker x2  
  40  7:46  Probe  
  40  7:48  Probe  
  43  7:58  Probe  
  43  8:01  Probe  
  44  8:10  Probe  
  44  8:11  Probe  
  42  8:23  Probe  
  42  8:24  Probe  
  44  8:34  Probe  
  40  8:37  Probe  
  40  8:39  Stalker x3  
  48  8:44  Probe  
  49  8:49  Probe  
  49  8:55  Probe  
  50  9:01  Probe  
  48  9:18  Probe  
  48  9:19  Probe  
  48  9:20  Stalker x3  
  48  9:23  Assimilator  
  56  9:26  Assimilator  
  56  9:28  Probe  
  57  9:35  Twilight Council  
  57  9:40  Probe  
  57  9:41  Probe  
  59  9:53  Probe, Forge  
  59  9:54  Nexus  
  59  9:56  Pylon  
  59  9:57  Immortal (Chrono Boost)  
  64  10:06  Pylon  
  64  10:07  Sentry  
  64  10:08  Probe x2  
  64  10:09  Pylon  
  68  10:15  Sentry  
  70  10:24  Adept  
  72  10:37  Sentry  
  72  10:38  Stalker  
  76  10:47  Pylon  
  76  10:48  Gateway, Forge  
  76  10:49  Immortal (Chrono Boost)  
  80  10:50  Gateway  
  80  10:55  Stalker  
  72  11:01  Stalker x2  
  66  11:10  Blink (Chrono Boost)  
  66  11:12  Pylon, Probe  
  66  11:13  Probe  
  68  11:21  Protoss Ground Weapons Level 1  
  68  11:25  Probe  
  68  11:28  Immortal (Chrono Boost)  
  71  11:45  Stalker x2  
  75  11:56  Photon Cannon  
  75  11:59  Nexus  
  75  12:00  Photon Cannon, Pylon  
  74  12:01  Observer (Chrono Boost)  
  74  12:02  Pylon  
  74  12:04  Adept x3  
  80  12:27  Adept x3  
  80  12:28  Adept x2, Probe  
  80  12:29  Probe  
  92  12:38  Probe  
  92  12:41  Probe  
  92  12:42  Immortal  
  96  12:49  Probe  
  96  12:50  Stalker  
  99  12:53  Probe  
  100  13:08  Stalker x3  
  100  13:11  Probe x2  
  106  13:13  Probe  
  109  13:25  Probe  
  90  13:32  Adept x4  
  90  13:33  Adept  
  63  13:53  Stalker x3  
  63  13:54  Stalker x2  
  66  13:58  Stalker  
  66  14:00  Stalker x4  
  66  14:06  Gateway  
  66  14:08  Gateway  
Tags
 
Add a new tag
Caveats
  • Supply blocks, unpowered buildings, or Contaminate may cause inaccurate times.
  • Supply counts are checked every 10 seconds.